TOP OF THE 1ST |
Fort Wayne TinCaps batting - Pitching for Hagerstown Suns : RHP Manny Arguelles
|
Pitching: RHP Manny Arguelles
|
|
Batting: SHB Adam Martin
|
0-0: Called Strike 0-1: Swinging Strike 0-2: Hit by Pitch
|
Batting: RHB Rodolfo Rivera
|
0-0: Ball Adam Martin is caught stealing 2nd base 2-4 1-0: Called Strike 1-1: Ball 2-1: Called Strike 2-2: SINGLE (Line Drive, 9LS, EV 101.9 MPH)
|
Batting: LHB James Sousa
|
0-0: Ball Rodolfo Rivera steals 2nd base (no throw) 1-0: Ball 2-0: Called Strike 2-1: Fly out, F5 (Popup, 5SF, EV 68.8 MPH)
|
Batting: RHB Juan Martinez
|
0-0: Fly out, F8 (Line Drive, 8RM, EV 99.4 MPH)
|
Top of the 1st over - 0 runs, 1 hit, 0 errors, 1 left on base; Fort Wayne 0 - Hagerstown 0 |
BOTTOM OF THE 1ST |
Hagerstown Suns batting - Pitching for Fort Wayne TinCaps : LHP Blaine Whitmore
|
Pitching: LHP Blaine Whitmore
|
|
Batting: RHB Pat Drader
|
0-0: Called Strike 0-1: Ground out 6-3 (Groundball, 6, EV 91.9 MPH)
|
Batting: RHB Kevin Wick
|
0-0: Called Strike 0-1: DOUBLE (Line Drive, 89D, EV 110.6 MPH)
|
Batting: RHB John McNeill
|
0-0: Ball 1-0: Foul Ball, location: 2F 1-1: Ball 2-1: Foul Ball, location: 2F 2-2: Foul Ball, location: 2F 2-2: Foul Ball, location: 2F 2-2: Ground out 6-3 (Groundball, 6M, EV 86.9 MPH) Kevin Wick to third
|
Batting: RHB Jim Towle
|
0-0: Ball 1-0: Ball 2-0: Foul Ball, location: 2F 2-1: Ball 3-1: SINGLE (Line Drive, 89S, EV 103.8 MPH) Kevin Wick scores
|
Batting: LHB Yoshiya Kurokawa
|
0-0: Ball 1-0: Swinging Strike 1-1: Foul Ball, location: 2F 1-2: Foul Ball, location: 2F 1-2: Strikes out swinging
|
Bottom of the 1st over - 1 run, 2 hits, 0 errors, 1 left on base; Fort Wayne 0 - Hagerstown 1 |
TOP OF THE 2ND |
Fort Wayne TinCaps batting - Pitching for Hagerstown Suns : RHP Manny Arguelles
|
Batting: LHB Mike Schermerhorn
|
0-0: Ball 1-0: Ball 2-0: Foul Ball, location: 2F 2-1: Fly out, F4 (Popup, 34D, EV 50.6 MPH)
|
Batting: RHB Davey Verhoog
|
0-0: Foul Ball, location: 2F 0-1: Ball 1-1: Ball 2-1: Swinging Strike 2-2: SINGLE (Line Drive, 9S, EV 96.9 MPH)
|
Batting: LHB Angel Mejia
|
0-0: Called Strike Davey Verhoog steals 2nd base 0-1: Ball 1-1: Ball 2-1: Ground out 4-3 (Groundball, 4, EV 108.8 MPH) Davey Verhoog to third
|
Batting: SHB Josh Parker
|
0-0: SINGLE (Groundball, 34D, EV 96.9 MPH) Davey Verhoog scores
|
Batting: RHB Rich Justice
|
0-0: Called Strike 0-1: Swinging Strike 0-2: Ball 1-2: Foul Ball, location: 2F 1-2: SINGLE (Line Drive, 8LS, EV 101.9 MPH) Josh Parker to second Runner from 2nd tries for 3rd, OUT! 8-5
|
Top of the 2nd over - 1 run, 3 hits, 0 errors, 1 left on base; Fort Wayne 1 - Hagerstown 1 |
BOTTOM OF THE 2ND |
Hagerstown Suns batting - Pitching for Fort Wayne TinCaps : LHP Blaine Whitmore
|
Batting: RHB Felix Torres
|
0-0: Ball 1-0: Foul Ball, location: 2F 1-1: Swinging Strike 1-2: Strikes out swinging
|
Batting: RHB Justin Slifka
|
0-0: Called Strike 0-1: Ball 1-1: Ground out 5-3 (Groundball, 5, EV 98.8 MPH)
|
Batting: RHB Scott Skoglund
|
0-0: Called Strike 0-1: Ball 1-1: Ground out 6-3 (Groundball, 6, EV 88.8 MPH)
|
Bottom of the 2nd over - 0 runs, 0 hits, 0 errors, 0 left on base; Fort Wayne 1 - Hagerstown 1 |
TOP OF THE 3RD |
Fort Wayne TinCaps batting - Pitching for Hagerstown Suns : RHP Manny Arguelles
|
Batting: SHB Adam Martin
|
0-0: Foul Ball, location: 2F 0-1: Called Strike 0-2: Ball 1-2: Ball 2-2: Ball 3-2: Foul Ball, location: 2F 3-2: Foul Ball, location: 2F 3-2: Base on Balls
|
Batting: RHB Rodolfo Rivera
|
0-0: Ball Adam Martin steals 2nd base (no throw) 1-0: Ball 2-0: Ball 3-0: Called Strike 3-1: Base on Balls
|
Batting: LHB James Sousa
|
0-0: Fly out, F9 (Flyball, 9, EV 83.8 MPH)
|
Batting: RHB Juan Martinez
|
0-0: Called Strike Adam Martin steals 3rd base 0-1: Swinging Strike 0-2: Ball 1-2: Ball 2-2: Ball 3-2: Strikes out swinging
|
Batting: LHB Mike Schermerhorn
|
0-0: Ball Pickoff Throw by Catcher to First - Out!
|
Top of the 3rd over - 0 runs, 0 hits, 0 errors, 1 left on base; Fort Wayne 1 - Hagerstown 1 |
BOTTOM OF THE 3RD |
Hagerstown Suns batting - Pitching for Fort Wayne TinCaps : LHP Blaine Whitmore
|
Batting: RHB Bobby Dieter
|
0-0: Ball 1-0: Swinging Strike 1-1: Ball 2-1: Ball 3-1: Swinging Strike 3-2: Strikes out swinging
|
Batting: RHB Pat Drader
|
0-0: Ball 1-0: Ball 2-0: Called Strike 2-1: Ball 3-1: Called Strike 3-2: Base on Balls
|
Batting: RHB Kevin Wick
|
0-0: Ball Pat Drader steals 2nd base 1-0: Called Strike 1-1: Called Strike 1-2: Ball 2-2: Fly out, F7 (Flyball, 7LM, EV 91.9 MPH)
|
Batting: RHB John McNeill
|
0-0: Ball 1-0: Swinging Strike 1-1: SINGLE (Groundball, 6MD, EV 96.9 MPH) Pat Drader to third Runner from 3rd tries for Home, SAFE, throw by CF to home
|
Batting: RHB Jim Towle
|
0-0: Ball 1-0: Ball 2-0: Called Strike 2-1: Ball 3-1: Base on Balls John McNeill to second
|
Batting: LHB Yoshiya Kurokawa
|
0-0: Foul Ball, location: 2F 0-1: Ball 1-1: Ball 2-1: Swinging Strike 2-2: Strikes out looking
|
Bottom of the 3rd over - 1 run, 1 hit, 0 errors, 2 left on base; Fort Wayne 1 - Hagerstown 2 |
TOP OF THE 4TH |
Fort Wayne TinCaps batting - Pitching for Hagerstown Suns : RHP Manny Arguelles
|
Batting: LHB Mike Schermerhorn
|
0-0: Called Strike 0-1: Swinging Strike 0-2: Ball 1-2: Ball 2-2: Foul Ball, location: 2F 2-2: Ball 3-2: Foul Ball, location: 2F 3-2: Foul Ball, location: 2F 3-2: Base on Balls
|
Batting: RHB Davey Verhoog
|
0-0: Swinging Strike 0-1: DOUBLE (Line Drive, 7LM, EV 113.8 MPH) Mike Schermerhorn to third
|
Batting: LHB Angel Mejia
|
0-0: Ball 1-0: Ball 2-0: Ball 3-0: Base on Balls
|
Batting: SHB Josh Parker
|
0-0: Foul Ball, location: 2F 0-1: Foul Ball, location: 2F 0-2: Ball 1-2: DOUBLE (Groundball, 5L, EV 100.6 MPH) Mike Schermerhorn scores Davey Verhoog scores Angel Mejia to third Runner from 3rd tries for Home, throw by LF and OUT! 7-2
|
Batting: RHB Rich Justice
|
0-0: Called Strike 0-1: Ball 1-1: Ground out 5-3 (Groundball, 56S, EV 90.0 MPH)
|
Batting: SHB Adam Martin
|
0-0: Swinging Strike 0-1: Ball 1-1: Ball 2-1: Foul Ball, location: 2F 2-2: Ball 3-2: Ground out 5-3 (Groundball, 5, EV 103.1 MPH)
|
Top of the 4th over - 2 runs, 2 hits, 0 errors, 1 left on base; Fort Wayne 3 - Hagerstown 2 |
BOTTOM OF THE 4TH |
Hagerstown Suns batting - Pitching for Fort Wayne TinCaps : LHP Blaine Whitmore
|
Batting: RHB Felix Torres
|
0-0: Ball 1-0: Fly out, F9 (Flyball, 9LS, EV 90.6 MPH)
|
Batting: RHB Justin Slifka
|
0-0: Ball 1-0: Ball 2-0: SINGLE (Groundball, 6MD, EV 102.5 MPH)
|
Batting: RHB Scott Skoglund
|
0-0: Ball 1-0: Ball 2-0: Grounds into double play, 6-4-3 (Groundball, 6M, EV 85.6 MPH)
|
Bottom of the 4th over - 0 runs, 1 hit, 0 errors, 0 left on base; Fort Wayne 3 - Hagerstown 2 |
TOP OF THE 5TH |
Fort Wayne TinCaps batting - Pitching for Hagerstown Suns : RHP Manny Arguelles
|
Batting: RHB Rodolfo Rivera
|
0-0: Ball 1-0: Called Strike 1-1: Ground out U3 (Groundball, 3, EV 104.4 MPH)
|
Batting: LHB James Sousa
|
0-0: Foul Ball, location: 2F 0-1: Called Strike 0-2: Ball 1-2: Foul Ball, location: 2F 1-2: Foul Ball, location: 2F 1-2: Ball 2-2: Ball 3-2: Base on Balls
|
Pitching: RHP Tony Estrada
|
|
Batting: RHB Juan Martinez
|
0-0: TRIPLE (Flyball, 8RXD, EV 104.4 MPH) James Sousa scores
|
Batting: LHB Mike Schermerhorn
|
0-0: Ball 1-0: Ball 2-0: Fly out, F8 (Flyball, 8RXD, EV 106.9 MPH) Runner from 3rd tags up, SCORES, no throw by CF
|
Batting: RHB Davey Verhoog
|
0-0: Foul Ball, location: 2F 0-1: Ball 1-1: Foul Ball, location: 2F 1-2: Strikes out swinging
|
Top of the 5th over - 2 runs, 1 hit, 0 errors, 0 left on base; Fort Wayne 5 - Hagerstown 2 |
BOTTOM OF THE 5TH |
Hagerstown Suns batting - Pitching for Fort Wayne TinCaps : LHP Blaine Whitmore
|
Batting: RHB Bobby Dieter
|
0-0: Called Strike 0-1: SINGLE (Groundball, 6MD, EV 101.3 MPH)
|
Batting: RHB Pat Drader
|
0-0: Called Strike 0-1: Ball 1-1: Called Strike 1-2: Foul Ball, location: 2F 1-2: Foul Ball, location: 2F 1-2: Grounds into double play, 4-6-3 (Groundball, 4, EV 87.5 MPH)
|
Batting: RHB Kevin Wick
|
0-0: Fly out, F3 (Popup, 3S, EV 69.4 MPH)
|
Bottom of the 5th over - 0 runs, 1 hit, 0 errors, 0 left on base; Fort Wayne 5 - Hagerstown 2 |
TOP OF THE 6TH |
Fort Wayne TinCaps batting - Pitching for Hagerstown Suns : RHP Tony Estrada
|
Batting: LHB Angel Mejia
|
0-0: Ball 1-0: Ball 2-0: Ground out 4-3 (Groundball, 4, EV 83.1 MPH)
|
Batting: SHB Josh Parker
|
0-0: Ball 1-0: Fly out, F7 (Line Drive, 78M, EV 100.6 MPH)
|
Batting: RHB Rich Justice
|
0-0: Called Strike 0-1: Swinging Strike 0-2: Ball 1-2: Strikes out swinging
|
Top of the 6th over - 0 runs, 0 hits, 0 errors, 0 left on base; Fort Wayne 5 - Hagerstown 2 |
BOTTOM OF THE 6TH |
Hagerstown Suns batting - Pitching for Fort Wayne TinCaps : LHP Blaine Whitmore
|
Batting: RHB John McNeill
|
0-0: SINGLE (Groundball, 6D, EV 98.8 MPH)
|
Batting: RHB Jim Towle
|
0-0: Called Strike 0-1: Ball 1-1: Ball 2-1: Ball 3-1: Called Strike 3-2: Foul Ball, location: 2F 3-2: Grounds out, U3 (Groundball, 3L, EV 103.1 MPH)
|
Pitching: RHP Andre Wiltz
|
|
Batting: LHB Yoshiya Kurokawa
|
0-0: Swinging Strike 0-1: Ball 1-1: Swinging Strike 1-2: Ball 2-2: Strikes out swinging
|
Batting: RHB Felix Torres
|
0-0: Fly out, F6 (Popup, 56, EV 65.0 MPH)
|
Bottom of the 6th over - 0 runs, 1 hit, 0 errors, 1 left on base; Fort Wayne 5 - Hagerstown 2 |
TOP OF THE 7TH |
Fort Wayne TinCaps batting - Pitching for Hagerstown Suns : RHP Tony Estrada
|
Batting: SHB Adam Martin
|
0-0: Ball 1-0: Called Strike 1-1: Called Strike 1-2: Foul Ball, location: 2F 1-2: Ball 2-2: Ground out 2-3 (Groundball, 2R, EV 70.0 MPH)
|
Batting: RHB Rodolfo Rivera
|
0-0: Fly out, F8 (Flyball, 8LM, EV 94.4 MPH)
|
Batting: LHB James Sousa
|
0-0: Called Strike 0-1: SINGLE (Groundball, 6, EV 99.4 MPH)
|
Batting: RHB Juan Martinez
|
0-0: Ground out 1-3 (Groundball, 15S, EV 72.5 MPH)
|
Top of the 7th over - 0 runs, 1 hit, 0 errors, 1 left on base; Fort Wayne 5 - Hagerstown 2 |
BOTTOM OF THE 7TH |
Hagerstown Suns batting - Pitching for Fort Wayne TinCaps : RHP Andre Wiltz
|
Now at 3B: Brian Burd
|
|
Batting: RHB Justin Slifka
|
0-0: Ball 1-0: Ball 2-0: Called Strike 2-1: Swinging Strike 2-2: Strikes out swinging
|
Batting: RHB Scott Skoglund
|
0-0: Called Strike 0-1: Swinging Strike 0-2: Foul Ball, location: 2F 0-2: Ball 1-2: Ball 2-2: Foul Ball, location: 2F 2-2: Ground out 5-3 (Groundball, 56, EV 103.8 MPH)
|
Batting: RHB Bobby Dieter
|
0-0: Ball 1-0: Ball 2-0: Called Strike 2-1: Ball 3-1: Base on Balls
|
Pitching: RHP Roger Brennan
|
|
Batting: RHB Pat Drader
|
0-0: Ball 1-0: Foul Ball, location: 2F 1-1: Called Strike 1-2: Fly out, F4 (Line Drive, 4, EV 61.9 MPH)
|
Bottom of the 7th over - 0 runs, 0 hits, 0 errors, 1 left on base; Fort Wayne 5 - Hagerstown 2 |
TOP OF THE 8TH |
Fort Wayne TinCaps batting - Pitching for Hagerstown Suns : RHP Tony Estrada
|
Batting: LHB Mike Schermerhorn
|
0-0: Ball 1-0: Called Strike 1-1: Foul Ball, location: 2F 1-2: Strikes out swinging
|
Batting: RHB Davey Verhoog
|
0-0: Ball 1-0: Foul Ball, location: 2F 1-1: Fly out, F3 (Popup, 3SF, EV 85.0 MPH)
|
Batting: LHB Angel Mejia
|
0-0: Called Strike 0-1: Ball 1-1: Ground out 4-3 (Groundball, 4, EV 94.4 MPH)
|
Top of the 8th over - 0 runs, 0 hits, 0 errors, 0 left on base; Fort Wayne 5 - Hagerstown 2 |
BOTTOM OF THE 8TH |
Hagerstown Suns batting - Pitching for Fort Wayne TinCaps : RHP Roger Brennan
|
Pitching: RHP Eddie Starks
|
|
Batting: RHB Kevin Wick
|
0-0: Swinging Strike 0-1: Foul Ball, location: 2F 0-2: Fly out, F8 (Flyball, 89D, EV 98.1 MPH)
|
Batting: RHB John McNeill
|
0-0: SINGLE (Groundball, 6MD, EV 96.9 MPH)
|
Batting: RHB Jim Towle
|
0-0: Ball 1-0: Called Strike 1-1: Fly out, F1 (Line Drive, P, EV 63.1 MPH)
|
Batting: LHB Yoshiya Kurokawa
|
0-0: Foul Ball, location: 2F 0-1: Ball 1-1: Foul Ball, location: 2F 1-2: Foul Ball, location: 2F 1-2: Ball 2-2: Foul Ball, location: 2F 2-2: Ball 3-2: Foul Ball, location: 2F 3-2: Foul Ball, location: 2F 3-2: Base on Balls John McNeill to second
|
Pitching: RHP Roman Baines
|
|
Batting: RHB Felix Torres
|
0-0: Foul Ball, location: 2F 0-1: Foul Ball, location: 2F 0-2: Ball 1-2: Foul Ball, location: 2F 1-2: Ball 2-2: DOUBLE (Line Drive, 89D, EV 108.1 MPH) John McNeill scores Yoshiya Kurokawa to third
|
Batting: RHB Justin Slifka
|
0-0: Ball 1-0: Ball 2-0: Ball 3-0: Base on Balls
|
Pinch Hitting: SHB Kyle Larson
|
0-0: Swinging Strike 0-1: Ball 1-1: Fly out, F7 (Flyball, 7LM, EV 87.5 MPH)
|
Bottom of the 8th over - 1 run, 2 hits, 0 errors, 3 left on base; Fort Wayne 5 - Hagerstown 3 |
TOP OF THE 9TH |
Fort Wayne TinCaps batting - Pitching for Hagerstown Suns : RHP Tony Estrada
|
Pitching: RHP Steve Barnes
|
|
Now in LF: John McNeill
|
|
Now in CF: Kyle Larson
|
|
Batting: SHB Josh Parker
|
0-0: Foul Ball, location: 2F 0-1: Ball 1-1: Ball 2-1: Foul Ball, location: 2F 2-2: Ball 3-2: Strikes out swinging
|
Batting: RHB Brian Burd
|
0-0: Fly out, F6 (Line Drive, 6, EV 66.9 MPH)
|
Batting: SHB Adam Martin
|
0-0: Swinging Strike 0-1: Ball 1-1: Foul Ball, location: 2F 1-2: Ball 2-2: Foul Ball, location: 2F 2-2: Ball 3-2: Strikes out looking
|
Top of the 9th over - 0 runs, 0 hits, 0 errors, 0 left on base; Fort Wayne 5 - Hagerstown 3 |
BOTTOM OF THE 9TH |
Hagerstown Suns batting - Pitching for Fort Wayne TinCaps : RHP Roman Baines
|
Pitching: RHP Arturo Diaz
|
|
Batting: RHB Bobby Dieter
|
0-0: Ball 1-0: Ball 2-0: Foul Ball, location: 2F 2-1: Fly out, F8 (Line Drive, 8LD, EV 104.4 MPH)
|
Batting: RHB Pat Drader
|
0-0: Ball 1-0: Ground out 5-3 (Groundball, 5S, EV 83.1 MPH)
|
Batting: RHB Kevin Wick
|
0-0: Ball 1-0: Ball 2-0: Ball 3-0: Called Strike 3-1: Base on Balls
|
Batting: RHB John McNeill
|
0-0: Ground out 5-3 (Groundball, 5S, EV 66.3 MPH)
|
Bottom of the 9th over - 0 runs, 0 hits, 0 errors, 1 left on base; Fort Wayne 5 - Hagerstown 3 |
|